 Dungeon Crawl Stone Soup version 0.28-a0-1080-g05a166d0ed (webtiles) character file.

Game seed: 5553398711895841390

2 ytrimaz the Insei (level 1, 13/13 HPs)
             Began as an Octopode Transmuter on Dec 9, 2021.
             Was a Follower of Wu Jian.
             Quit the game on level 1 of the Dungeon.
             The game lasted 00:00:12 (249 turns).

ytrimaz the Insei (Octopode Transmuter)              Turns: 249, Time: 00:00:12

Health: 13/13      AC:  1    Str:  9    XL:     1   Next: 40%
Magic:  3/3        EV: 13    Int: 15    God:    Wu Jian [*.....]
Gold:   8          SH:  0    Dex: 12    Spells: 3/4 levels left

rFire   . . .      SeeInvis .     - Unarmed
rCold   . . .      Faith    .   (no shield)
rNeg    . . .      Spirit   .   (helmet restricted)
rPois   .          Reflect  .   (no amulet)
rElec   .          Harm     .   (no ring)
rCorr   .          Rampage  .   (no ring)
Will    .....                   (no ring)
Stlth   ++........              (no ring)
HPRegen 0.04/turn               (no ring)
MPRegen 0.08/turn               (no ring)
                                (no ring)
                                (no ring)

@: no status effects
A: almost no armour, amphibious, 8 rings, camouflage 1, gelatinous body 1,
(nimble swimmer 1), tentacles
a: Renounce Religion


You were on level 1 of the Dungeon.
You worshipped Wu Jian.
Wu Jian was aware of your devotion.
You visited 1 branch of the dungeon, and saw 1 of its levels.

You collected 8 gold pieces.

Inventory:

Potions
 a - a potion of lignification {unknown}


   Skills:
 * Level 1.0 Fighting
 - Level 2.0 Dodging
 + Level 3.0 Unarmed Combat
 * Level 2.0 Spellcasting
 * Level 2.0 Transmutations


You had 3 spell levels left.
You knew the following spells:

 Your Spells              Type           Power      Damage    Failure   Level
a - Beastly Appendage     Tmut           14%        N/A       10%         1

Your spell library contained the following spells:

 Spells                   Type           Power      Damage    Failure   Level
 Wereblood                Tmut           7%         N/A       14%         2
 Spider Form              Tmut/Pois      4%         N/A       41%         3
 Ice Form                 Ice/Tmut       4%         N/A       82%         4


Dungeon Overview and Level Annotations

Branches:
Dungeon (1/15)

Altars:
Wu Jian


Innate Abilities, Weirdness & Mutations

You cannot wear most types of armour.
You are amphibious.
You can wear up to eight rings at the same time.
Your skin changes colour to match your surroundings (Stealth+).
Your rubbery body absorbs attacks. (AC +1, EV +1)
((You are camouflaged near water. (Stealth+)))
You have tentacles for arms and can constrict up to eight enemies at once.


Message History

Found a faded altar of an unknown god.
The ball python hisses angrily.
Found a ring mail.
The ball python bites you. The ball python grabs you.
The ball python constricts you.
You closely miss the ball python. Your grab misses the ball python.
The ball python closely misses you. The ball python constricts you.
You closely miss the ball python. You grab the ball python.
You constrict the ball python. The ball python closely misses you.
The ball python constricts you.
You tentacle-slap the ball python but do no damage.
The ball python is moderately wounded.
You constrict the ball python.
You kill the ball python!
No target in view!
No target in view!
No target in view!
No target in view!
No target in view!
No target in view!
Found 6 large rocks.
There is a faded altar of an unknown god here.
You cannot tell which god this altar belongs to.
Convert to them anyway?
Wu Jian accepts your prayer! The Council welcomes you!
You can now perform damaging attacks by moving towards foes.
You can now lightly attack monsters by moving around them.
Unknown command.
Press < or > to pray at altars.
Key pressed, stopping explore.
HP restored.
a - an emerald potion
Found 23 poisoned darts.
Found a hand axe.
You now have 8 gold pieces.
A bat comes into view.
A bat is nearby!
A bat is nearby!
A bat is nearby!
Are you sure you want to abandon this character and quit the game? (Confirm with "yes".)

#. ## #.#### .# ...
....# .#
.##.###...## ^#
.....)......# b#
.###.(###.#.# .#
.......(..#.# .#
............#####.#
..........#.....@.#
.###......#.#######
..........#.#
..........#.#
.###..###.#.#
._........#.#
.#........#.#
.#........#.#
[#....##..#.#


You could see a bat (asleep).

Vanquished Creatures
  An endoplasm (D:1)
  A ball python (D:1)
  A frilled lizard (D:1)
3 creatures vanquished.

Notes
Turn   | Place    | Note
-------+----------+-------------------------------------------
     0 | D:1      | ytrimaz the Octopode Transmuter began the quest for the
                  | Orb.
     0 | D:1      | Reached XP level 1. HP: 13/13 MP: 3/3
   114 | D:1      | Found a faded altar of an unknown god.
   125 | D:1      | Prayed at the altar of an unknown god.
   125 | D:1      | Became a worshipper of the Wu Jian Council
   125 | D:1      | Reached * piety under Wu Jian
   249 | D:1      | Quit the game

Illustrated notes

Levels and vault maps discovered:
D:1:      onia_arrival_mini_maze_b, layout_loops_ring,
          hellmonk_ecumenical_altar_lost_god, nrook_mini_vaults

Action                   || total
-------------------------++-------
Melee: Unarmed           ||     7
       Constrict         ||     1
 Cast: Beastly Appendage ||     1
 Stab: Sleeping          ||     1
Armor: Skin              ||     1
Dodge: Dodged            ||     2

Table legend: (Time is in decaauts)
 A = Elapsed time spent in this place.
 B = Non-inter-level travel time spent in this place.
 C = Inter-level travel time spent in this place.
 D = Time resting spent in this place.
 E = Time spent auto-exploring this place.
 F = Levels seen in this place.
 G = Mean time per level.
                   A        B        C        D        E       F      G
               +--------+--------+--------+--------+--------+-----+--------+
         Total |    248 |    248 |      0 |      0 |    219 |   1 |  248.0 |
       Dungeon |    248 |    248 |      0 |      0 |    219 |   1 |  248.0 |
               +--------+--------+--------+--------+--------+-----+--------+

Top non-repeatable levels by time:
     D:1: 248 daAuts
